 Dungeon Crawl Stone Soup version 0.25-a0-55-g0753fd1ad2 (webtiles) character file.

Game seed: 9075468415621921161, levelgen mode: deterministic

476 Ruokin the Slasher (level 6, -1/84 HPs)
             Began as a Minotaur Berserker on Oct 25, 2019.
             Was a Believer of Trog.
             Slain by a killer bee (4 damage)
             ... on level 4 of the Dungeon.
             The game lasted 00:11:48 (3260 turns).

Ruokin the Slasher (Minotaur Berserker)             Turns: 3260, Time: 00:11:49

Health: -1/84      AC:  5    Str: 28    XL:     6   Next: 85%
Magic:  5/5        EV: 12    Int:  4    God:    Trog [**....]
Gold:   172        SH:  0    Dex: 10    Spells: 5/5 levels left

rFire    . . .     SeeInvis .   p - +0 falchion (holy)
rCold    . . .     Gourm    .   (no shield)
rNeg     . . .     Faith    .   e - +0 ring mail
rPois    .         Spirit   .   (helmet restricted)
rElec    .         Reflect  .   (no cloak)
rCorr    .         Harm     .   (no gloves)
MR       ++...                  (no boots)
Stlth    ..........             (no amulet)
HPRegen  1.24/turn              j - ring of flight
MPRegen  0.09/turn              (no ring)

@: berserking, lethally poisoned (-1 -> -7), regenerating, very quick
A: retaliatory headbutt, horns 2
a: Berserk, Trog's Hand, Renounce Religion, Evoke Flight


You were on level 4 of the Dungeon.
You worshipped Trog.
Trog was pleased with you.
You were not hungry.

You visited 1 branch of the dungeon, and saw 4 of its levels.

You collected 172 gold pieces.

Inventory:

Hand Weapons
 a - a +0 falchion
 p - a +0 falchion of holy wrath (weapon)
Armour
 e - a +0 ring mail (worn)
Jewellery
 j - a ring of flight (left hand)
Wands
 n - a wand of random effects (14)
 r - a wand of scattershot (6)
Scrolls
 g - 3 scrolls of teleportation
 h - a scroll of remove curse {unknown}
 i - a scroll of fear
 l - a scroll of enchant weapon {unknown}
 o - a scroll of blinking {unknown}
 q - a scroll of magic mapping {unknown}
 s - a scroll of fog {unknown}
Potions
 b - 2 potions of mutation
 d - a potion of ambrosia
 f - a potion of lignification
 k - a potion of agility
 m - a potion of haste {unknown}
Comestibles
 c - 3 rations


   Skills:
 * Level 5.4 Fighting
 * Level 7.2 Long Blades
 + Level 3.9 Armour
 + Level 3.4 Dodging


You had 5 spell levels left.
You didn't know any spells.
Your spell library was empty.

Dungeon Overview and Level Annotations

Branches:
Dungeon (4/15)
 Temple: D:4-7

Altars:
Okawaru
Qazlal


Innate Abilities, Weirdness & Mutations

You reflexively headbutt those who attack you in melee.
You have a pair of horns on your head.


Message History

You miss the killer bee.
The killer bee is severely wounded.
You feel sick. The killer bee stings you.
* * * LOW HITPOINT WARNING * * *
The killer bee stings you but does no damage.
The killer bee closely misses you.
You hit the killer bee. Your headbutt misses the killer bee.
The killer bee is severely wounded.
You feel sick.
The killer bee stings you but does no damage.
The killer bee stings you.
* * * LOW HITPOINT WARNING * * *
You are lethally poisoned!
The killer bee poisons you!
* * * LOW HITPOINT WARNING * * *
You feel sick. The killer bee completely misses you.
You feel a strong urge to attack something.
* * * LOW HITPOINT WARNING * * *
You feel sick. The killer bee stings you.
You die...

.)........ # #...........
.รท<....... #.##...........
........... .............
...#......... #.........!.
...#.......... #.........Z.
[#......#....###.#.Z...$...
##...#..#.....#..##)#..##..
....##..#......#.##Z# ##
##..###.........@y..#..#
#....#...........y........
..........................
..............#.#.##^...##
.(............)...# ....#
...............#........#
..............##.##..##...
............#.##.. ... ..#
......##........... ..


You could see 2 killer bees and an adder skeleton.

Vanquished Creatures
  Grinder (D:4)
  A killer bee (D:4)
  A hound (D:4)
  An orc wizard (D:3)
  Natasha (twice) (D:4 D:3)
  4 adders
  4 gnolls
  An ooze (D:1)
  5 dart slugs
  4 orcs
  A ball python (D:2)
  A giant cockroach (D:1)
  12 goblins
  6 hobgoblins
  A quokka (D:3)
  7 bats (D:1)
  4 frilled lizards
  4 kobolds
  3 rats
63 creatures vanquished.

Notes
Turn   | Place    | Note
-------+----------+-------------------------------------------
     0 | D:1      | Ruokin the Minotaur Berserker began the quest for the Orb.
     0 | D:1      | Reached XP level 1. HP: 19/19 MP: 0/0
   160 | D:1      | Reached skill level 4 in Long Blades
   160 | D:1      | Reached XP level 2. HP: 27/27 MP: 1/1
   660 | D:1      | Reached XP level 3. HP: 33/33 MP: 2/2
  1092 | D:2      | Reached ** piety under Trog
  1353 | D:2      | Found an iron altar of Okawaru.
  1589 | D:2      | Noticed an air elemental
  1590 | D:2      | Found a stormy altar of Qazlal.
  1591 | D:2      | Noticed a water elemental
  1591 | D:2      | Noticed a fire elemental
  1591 | D:2      | Noticed an earth elemental
  1601 | D:2      | Reached XP level 4. HP: 30/41 MP: 3/3
  1607 | D:2      | Reached skill level 5 in Long Blades
  2663 | D:4      | Reached XP level 5. HP: 36/47 MP: 4/4
  2744 | D:4      | Noticed Natasha
  2746 | D:4      | Noticed Grinder
  2751 | D:4      | Killed Natasha
  2755 | D:4      | Paralysed by Grinder for 2 turns
  2758 | D:4      | Killed Grinder
  2758 | D:4      | Reached skill level 5 in Fighting
  2758 | D:4      | Reached skill level 6 in Long Blades
  2758 | D:4      | Reached XP level 6. HP: 38/56 MP: 5/5
  3065 | D:4      | Reached skill level 7 in Long Blades
  3125 | D:4      | Noticed Natasha
  3137 | D:3      | Killed Natasha
  3259 | D:4      | HP: 4/84 [poisoned by a killer bee]
  3260 | D:4      | Slain by a killer bee

Levels and vault maps discovered:
D:1:      dpeg_arrival_windows_large_door, layout_basic, minmay_heptomino_h4
D:2:      layout_loops_ring, okawaru_gym_becter, chequers_serial_rivers_micro_a,
          nicolae_qazlal_style_of_elements
D:3:      layout_basic, st_stairs_6
D:4:      layout_cave_pools, uniq_robin, uniq_edmund, uniq_natasha, uniq_grinder

Table legend:
 A = Non-vault XP
 B = Vault XP
 C = Vault XP percentage of total XP
 D = Non-vault monster count
 E = Vault monster count
 F = Vault count percentage of total count
                 A         B        C        D         E       F
            +---------+---------+-------+---------+---------+-------
      Total |     380 |     301 |  44.2 |      56 |       7 |  11.1
            +---------+---------+-------+---------+---------+-------
        D:1 |      39 |      10 |  20.4 |      21 |       3 |  12.5
        D:2 |      64 |       0 |   0.0 |      13 |       0 |   0.0
        D:3 |     125 |       2 |   1.6 |      15 |       2 |  11.8
        D:4 |     152 |     289 |  65.5 |       7 |       2 |  22.2
            +---------+---------+-------+---------+---------+-------
